 Dungeon Crawl Stone Soup version 0.23-a0-644-gb60d84b (webtiles) character file.

296 Borgoz the Sneak (level 6, 0/42 HPs)
             Began as a Halfling Assassin on Jan 2, 2019.
             Slain by an iguana (14 damage)
             ... on level 4 of the Dungeon.
             The game lasted 00:07:20 (3694 turns).

Borgoz the Sneak (Halfling Assassin)                Turns: 3694, Time: 00:07:21

Health: 0/42       AC:  2    Str: 13    XL:     6   Next: 62%
Magic:  6/6        EV: 16    Int:  9    God:
Gold:   142        SH:  0    Dex: 17    Spells: 5/5 levels left

rFire    + . .     SeeInvis .   b - +0 blowgun
rCold    + . .     Gourm    .   (shield restricted)
rNeg     . . .     Faith    .   c - +0 robe
rPois    .         Spirit   .   (no helmet)
rElec    .         Reflect  .   j - scarf {rC+ rF+}
rCorr    .         Harm     .   (no gloves)
MR       .....                  (no boots)
Stlth    +++.......             l - amulet of the acrobat
HPRegen  0.14/turn              (no ring)
MPRegen  0.10/turn              (no ring)

@: no status effects
A: small, mutation resistance 1
a: no special abilities


You were on level 4 of the Dungeon.
You were hungry.

You visited 1 branch of the dungeon, and saw 4 of its levels.

You collected 142 gold pieces.

Inventory:

Hand Weapons
 a - a +2 dagger
 b - a +0 blowgun (weapon)
 i - a +0 dagger of freezing
 o - a +3 trident of protection
 u - a +0 blowgun
Missiles
 f - 2 curare-tipped needles
 x - 6 poisoned needles (quivered)
Armour
 c - a +0 robe (worn)
 j - a scarf of resistance (worn)
Magical Staves
 t - an uncursed staff of conjuration {unknown}
Jewellery
 l - an amulet of the acrobat (around neck)
 p - a +3 ring of strength {unknown}
Wands
 e - a wand of flame (12)
 s - a wand of iceblast (8)
Scrolls
 d - a scroll of magic mapping
 h - a scroll of amnesia {unknown}
 k - a scroll of immolation
 q - 2 scrolls of identify
 v - a scroll of teleportation {unknown}
Potions
 m - a potion of magic
 r - 2 potions of invisibility {unknown}
 w - a potion of resistance {unknown}
Comestibles
 g - 5 rations


   Skills:
 * Level 3.2 Fighting
 + Level 4.0 Short Blades
 + Level 2.7 Throwing
 * Level 3.2 Dodging
 + Level 5.7 Stealth


You had 5 spell levels left.
You didn't know any spells.
Your spell library was empty.

Dungeon Overview and Level Annotations

Branches:
Dungeon (4/15)
 Temple: D:4-7

Altars:
Elyvilon
Makhleb
Nemelex Xobeh
Qazlal
Uskayaw


Innate Abilities, Weirdness & Mutations

You are small and have problems with some larger weapons.
You are somewhat resistant to further mutation.


Message History

The iguana is heavily wounded.
The iguana misses you.
You hit the iguana but do no damage.
The iguana is heavily wounded.
The iguana bites you!
b - a +0 blowgun (weapon)
Firing (i - inventory. (/) - cycle)
x - 8 poisoned needles (quivered)
Press: ? - help, Shift-Dir - straight line, f - iguana
Aim: an iguana (heavily wounded)
You shoot a poisoned needle. The poisoned needle hits the iguana.
The iguana is heavily wounded.
The iguana barely misses you.
Firing (i - inventory. (/) - cycle)
x - 7 poisoned needles (quivered)
Press: ? - help, Shift-Dir - straight line, f/p - iguana
Aim: an iguana (heavily wounded)
You shoot a poisoned needle. The poisoned needle hits the iguana.
The iguana is poisoned.
The iguana is heavily wounded.
The iguana bites you!
You die...

######## .......#
###.##.######### ##
#.##.........###.#.###.
#.#########...@lo......
#.# #..###....... #.# #..#
#..##.## ###.## ######..#
#..# .....###.......# #..#
#
###..##...####.###..##.#..
#....<#.# #.#..........
##.##...####.#.#.....#. #
#.......oo.....#.###o#..#


You could see an iguana and an orc.

Vanquished Creatures
  An ogre (D:4)
  A centaur skeleton (D:4)
  Terence (D:3)
  An iguana (D:4)
  5 adders
  2 oozes (D:2)
  An adder skeleton (D:4)
  2 worms
  A dart slug (D:1)
  2 leopard geckos (D:1)
  7 orcs
  A ball python (D:3)
  9 bats
  4 giant cockroaches
  5 goblins
  8 hobgoblins
  2 jackals
  A quokka (D:4)
  3 frilled lizards
  3 kobolds (D:1)
  3 rats
63 creatures vanquished.

Notes
Turn   | Place    | Note
-------+----------+-------------------------------------------
     0 | D:1      | Borgoz the Halfling Assassin began the quest for the Orb.
     0 | D:1      | Reached XP level 1. HP: 14/14 MP: 1/1
   121 | D:1      | Reached XP level 2. HP: 17/19 MP: 2/2
   597 | D:1      | Reached XP level 3. HP: 16/24 MP: 3/3
   784 | D:1      | Reached skill level 5 in Stealth
  1378 | D:2      | Reached XP level 4. HP: 26/29 MP: 4/4
  2606 | D:3      | Found a sparkling altar of Nemelex Xobeh.
  2611 | D:3      | Noticed Terence
  2632 | D:3      | Killed Terence
  2632 | D:3      | Reached XP level 5. HP: 23/35 MP: 5/5
  2957 | D:3      | Found a white marble altar of Elyvilon.
  2957 | D:3      | Found a burning altar of Makhleb.
  2958 | D:3      | Found a stormy altar of Qazlal.
  3160 | D:3      | Found a hide-covered altar of Uskayaw.
  3397 | D:4      | Noticed an ogre
  3443 | D:4      | Killed an ogre
  3443 | D:4      | Reached XP level 6. HP: 16/42 MP: 6/6
  3694 | D:4      | Slain by an iguana

Vault maps used:
D:1:      dpeg_arrival_water_temple_mockup
D:2:      first_ration, chequers_serial_rivers_small_b, st_stairs_13,
          kennysheep_cross_room, makhleb_altar_promises_db
D:3:      gammafunk_temple_overflow_claw, minmay_misc_feat_alley,
          kennysheep_flooded_box, nemelex_lonely_heart_becter, uniq_terence
D:4:      minmay_temple_entry_metal_lava

Skill      XL: |  1  2  3  4  5  6 |
---------------+-------------------+-----
Fighting       | 2 3 |  3.2
Stealth        | 5 |  5.7
Dodging        | 2 3 |  3.2
Short Blades   | 3 4 |  4.0
Throwing       | |  2.7

Action                   |  1- 3 |  4- 6 || total
-------------------------+-------+-------++-------
Melee: Dagger            |    75 |   170 ||   245
 Fire: Blowgun           |     7 |    23 ||    30
  Use: Scroll            |       |     4 ||     4
       Potion            |       |     2 ||     2
 Stab: Sleeping          |     9 |     6 ||    15
  Eat: Chunk             |     1 |     7 ||     8
Armor: Robe              |     9 |     9 ||    18
Dodge: Dodged            |    51 |   136 ||   187

Table legend:
 A = Non-vault XP
 B = Vault XP
 C = Vault XP percentage of total XP
 D = Non-vault monster count
 E = Vault monster count
 F = Vault count percentage of total count
                 A         B        C        D         E       F
            +---------+---------+-------+---------+---------+-------
      Total |     386 |      38 |   9.0 |      61 |       2 |   3.2
            +---------+---------+-------+---------+---------+-------
        D:1 |      42 |       0 |   0.0 |      23 |       0 |   0.0
        D:2 |      84 |       2 |   2.3 |      14 |       1 |   6.7
        D:3 |      29 |      36 |  55.4 |      14 |       1 |   6.7
        D:4 |     231 |       0 |   0.0 |      10 |       0 |   0.0
            +---------+---------+-------+---------+---------+-------
